 Dungeon Crawl Stone Soup version 0.30-a0-605-gb2882149bf (webtiles) character file.

Game seed: 10027385358730330517

130 OTABOTABOTAB the Insei (level 5, -6/30 (33) HPs)
             Began as an Octopode Transmuter on Jan 7, 2023.
             Mangled by a wight
             ... wielding a +0 flail
              (16 damage)
             ... on level 3 of the Dungeon.
             The game lasted 00:05:08 (2472 turns).

OTABOTABOTAB the Insei (Octopode Transmuter)        Turns: 2472, Time: 00:05:08

HP:   -6/30 (33)    AC:  1    Str: 15    XL:     5   Next: 13%
MP:   1/8           EV: 13    Int: 17    God:
Gold: 93            SH:  0    Dex: 13    Spells: 2/8 levels left

rFire   . . .      SeeInvis .      - Unarmed
rCold   . . .      Faith    .    (no shield)
rNeg    . . .      Spirit   .    (helmet currently unavailable)
rPois   .          Reflect  .    (no amulet)
rElec   .          Harm     .    j - +6 ring of strength
rCorr   .          Rampage  .    (no ring)
Will    .....                    (no ring)
Stlth   ++                       (no ring)
HPRegen 0.25/turn                (no ring)
MPRegen 0.11/turn                (no ring)
                                 (no ring)
                                 (no ring)

@: appendages, attractive, very slightly contaminated, drained
A: tentacle spike 3, almost no armour, amphibious, 8 rings, camouflage 1,
gelatinous body 1, (nimble swimmer 1), tentacles
a: End Transformation


You were on level 3 of the Dungeon.
One of your tentacles had grown a beastly spike.
You visited 1 branch of the dungeon, and saw 3 of its levels.

You collected 93 gold pieces.

Inventory:

Missiles
 l - 2 boomerangs
 s - 23 stones
Jewellery
 j - a +6 ring of strength (left tentacle)
   (You found it on level 2 of the Dungeon)
 n - a +6 ring of dexterity
   (You found it on level 2 of the Dungeon)
 o - the ring of Gaps {*Slow rPois rF+ Stlth+}
   (You took it off a hobgoblin on level 3 of the Dungeon)

   [ring of poison resistance]

   rF:        It protects you from fire.
   rPois:     It protects you from poison.
   *Slow:     It may slow you when you take damage.
   Stlth:     It makes you more stealthy.
Wands
 e - a wand of charming (9)
   (You found it on level 3 of the Dungeon)
Scrolls
 a - a scroll of enchant weapon {unknown}
 b - a scroll of fear {unknown}
 c - a scroll of identify {unknown}
 i - a scroll of poison {!r}
 m - 2 scrolls of vulnerability {unknown}
 p - a scroll of amnesia {unknown}
 Y - 2 scrolls of teleportation {@r3}
Potions
 d - 3 potions of attraction {!q}
 g - a potion of flight {unknown}
 h - a potion of degeneration {unknown}
 k - a potion of might {unknown}
 q - a potion of mutation {unknown}
 J - 2 potions of curing {@q1}
 P - a potion of lignification {!q}


   Skills:
 - Level 1.0 Fighting
 - Level 2.0 Dodging
 + Level 4.0 Unarmed Combat
 - Level 2.0 Spellcasting
 + Level 3.3 Transmutations
 + Level 0.2 Ice Magic
 - Level 3.0 Poison Magic


You had 2 spell levels left.
You knew the following spells:

 Your Spells              Type           Power      Damage    Failure   Level
a - Beastly Appendage     Tmut           26%        N/A       4%          1
b - Wereblood             Tmut           13%        N/A       8%          2
c - Spider Form           Tmut/Pois      12%        N/A       16%         3

Your spell library contained the following spells:

 Spells                   Type           Power      Damage    Failure   Level
 Magic Dart               Conj           4%         1d3       19%         1
 Searing Ray              Conj           2%         2d4       28%         2
 Ice Form                 Ice/Tmut       7%         N/A       67%         4
 Fulminant Prism          Conj/Hex       0%         3d5       88%         4


Dungeon Overview and Level Annotations

Branches:
Dungeon (3/15)

Altars:
Vehumet

Annotations:
D:3 Sigmund


Innate Abilities, Weirdness & Mutations

One of your tentacles has grown a beastly spike.
You cannot wear most types of armour.
You are amphibious.
You can wear up to eight rings at the same time.
Your skin changes colour to match your surroundings (Stealth+).
Your rubbery body absorbs attacks. (AC +1, EV +1)
((You are camouflaged when in or above water. (Stealth+)))
You have tentacles for arms and can constrict up to eight enemies at once.


Message History

The adder bites you.
You are more poisoned.
The adder poisons you!
You take 5 damage, and have 24/33 hp.
You tentacle-slap the adder.
You kill the adder!
You feel sick.
You take 2 damage, and have 22/33 hp.
No target in view!
No target in view!
You feel very sick.
You feel sick.
You feel sick.
You feel sick.
You feel sick.
You feel sick.
You feel sick.
You feel sick.
You are no longer poisoned.
As you open the door, it creaks loudly!
Health restored: 33
There is an open door here.
A rat comes into view.
A rat is nearby!
Unknown command.
You tentacle-slap the rat. You grab the rat. You constrict the rat.
You kill the rat!
Training target 3.0 for Poison Magic reached!
Your Poison Magic skill increases to level 3!
No target in view!
No target in view!
You see here a rat corpse.
A kobold comes into view. It is wielding a +0 club.
A kobold is nearby!
The helpless kobold fails to defend itself.
You tentacle-slap the kobold. You grab the kobold. You constrict the kobold.
You kill the kobold!
Unknown command.
No target in view!
No target in view!
No target in view!
s - 23 stones (gained 1)
You see here a +0 club.
You see here a +0 club.
A ball python comes into view.
The ball python hisses angrily.
A ball python is nearby!
You barely miss the ball python. You grab the ball python.
You constrict the ball python. The ball python bites you.
The ball python closely misses you.
You take 1 damage, and have 32/33 hp.
You barely miss the ball python.
You squeeze the ball python, but do no damage.
You constrict the ball python.
You kill the ball python!
Health restored: 33 No target in view!
A wight comes into view. It is wielding a +5 war axe.
The wight moves out of view.
A wight is nearby!
A wight is nearby!
A rat and a wight come into view.
There is an open door here.
Sorry, you're not good enough to have a special ability.
Sorry, you're not good enough to have a special ability.
You tentacle-slap the rat. You grab the rat. You tentacle-slap the rat.
You kill the rat!
The wight hits you with a +0 flail!
You feel drained.
You take 10 damage, and have 23/32 hp.
MASSIVE DAMAGE!!
The spell is quite dangerous to miscast (16% risk of failure)!
Continue anyway?
You miscast Spider Form.
You are very lightly contaminated with residual magic.
Nothing appears to happen.
The wight closely misses you.
You now have 5/8 mp.
The spell is quite dangerous to miscast (16% risk of failure)!
Continue anyway?
You miscast Spider Form.
Nothing appears to happen.
The wight hits you with a +0 flail.
You feel drained.
You take 6 damage, and have 18/31 hp.
You now have 2/8 mp.
One of your tentacles grows a vicious spike.
The wight barely misses you.
You now have 1/8 mp.
You closely miss the wight. You grab the wight. You constrict the wight.
The wight hits you with a +0 flail!
* * * LOW HITPOINT WARNING * * *
You take 14 damage, and have 4/31 hp.
MASSIVE DAMAGE!!
It was a potion of attraction.
You feel attractive to monsters.
You constrict the wight. The wight hits you with a +0 flail.
* * * LOW HITPOINT WARNING * * *
You feel drained.
Unknown command.
It was a potion of curing.
You feel better.
J - 2 potions of curing You constrict the wight.
The wight hits you with a +0 flail!
Ouch! That really hurt!
You die...

#.################
#######.##
#........#
#........#
#######........#
.........r.....#
........#####'##
........# #z#
........# #@#
........# #.#
...z...r# #.#
........# #..
........# ####
........#


You could see a wight.

Vanquished Creatures
  A statue (D:3)
  5 adders
  A worm (D:2)
  2 dart slugs (D:2)
  4 endoplasms
  2 giant cockroaches (D:1)
  6 hobgoblins
  2 quokkas
  8 ball pythons
  8 bats
  2 frilled lizards (D:1)
  5 goblins
  7 kobolds
  6 rats
59 creatures vanquished.

Notes
Turn   | Place    | Note
-------+----------+-------------------------------------------
     0 | D:1      | OTABOTABOTAB the Octopode Transmuter began the quest for
                  | the Orb.
     0 | D:1      | Reached XP level 1. HP: 13/13 MP: 3/3
   271 | D:1      | Reached XP level 2. HP: 18/18 MP: 5/5
   404 | D:1      | Reached skill level 1 in Poison Magic
  1005 | D:2      | Reached XP level 3. HP: 23/23 MP: 6/6
  1415 | D:2      | Reached skill level 2 in Poison Magic
  1487 | D:2      | Found a faded altar of an unknown god.
  1497 | D:2      | Reached XP level 4. HP: 27/28 MP: 4/7
  1501 | D:2      | Learned a level 2 spell: Wereblood
  1505 | D:2      | Learned a level 3 spell: Spider Form
  1535 | D:2      | Reached skill level 3 in Transmutations
  1916 | D:3      | Noticed Sigmund
  2073 | D:3      | Found a radiant altar of Vehumet.
  2073 | D:3      | Noticed a frost-covered statue
  2073 | D:3      | Identified the ring of Gaps {*Slow rPois rF+ Stlth+}
  2106 | D:3      | Killed a frost-covered statue
  2107 | D:3      | Reached skill level 4 in Unarmed Combat
  2107 | D:3      | Reached XP level 5. HP: 28/33 MP: 8/8
  2399 | D:3      | Reached skill level 3 in Poison Magic
  2470 | D:3      | HP: 4/31 [wight/+0 flail (14)]
  2472 | D:3      | Mangled by a wight

Illustrated notes

Levels and vault maps discovered:
D:1:      dpeg_arrival_arbitrary_a, layout_basic
D:2:      layout_loops_ring, chequers_ecumenical_altar_island,
          minmay_misc_feat_roman, minmay_pentomino_z2
D:3:      layout_basic, vehumet_statue, kennysheep_generic_room_12,
          uniq_sigmund, uniq_terence

Skill      XL: |  1  2  3  4  5 |
---------------+----------------+-----
Poison Magic   | 1 2 3 |  3.0
Transmutations | 3 |  3.3
Unarmed Combat | 4 |  4.0
Fighting       | |  1.0
Dodging        | |  2.0
Spellcasting   | |  2.0
Ice Magic      | |  0.2

Action                   |  1- 3 |  4- 6 || total
-------------------------+-------+-------++-------
Melee: Unarmed           |    86 |    38 ||   124
       Constrict         |    26 |    13 ||    39
       Tentacles         |    13 |    12 ||    25
       Kick              |     3 |       ||     3
       Punch             |     3 |     2 ||     5
Throw: Stone             |    13 |       ||    13
 Cast: Beastly Appendage |     7 |     1 ||     8
 Abil: End Transformatio |     6 |     1 ||     7
  Use: Scroll            |     2 |       ||     2
       Potion            |       |     2 ||     2
 Stab: Sleeping          |    13 |     5 ||    18
Armor: Skin              |    10 |     2 ||    12
Dodge: Dodged            |    47 |     9 ||    56

Table legend: (Time is in decaauts)
 A = Elapsed time spent in this place.
 B = Non-inter-level travel time spent in this place.
 C = Inter-level travel time spent in this place.
 D = Time resting spent in this place.
 E = Time spent auto-exploring this place.
 F = Levels seen in this place.
 G = Mean time per level.
                   A        B        C        D        E       F      G
               +--------+--------+--------+--------+--------+-----+--------+
         Total |   2464 |   2436 |     28 |      2 |   2004 |   3 |  821.3 |
       Dungeon |   2464 |   2436 |     28 |      2 |   2004 |   3 |  821.3 |
               +--------+--------+--------+--------+--------+-----+--------+

Top non-repeatable levels by time:
     D:1: 951 daAuts
     D:2: 834 daAuts
     D:3: 678 daAuts

Table legend:
 A = Kills in this place as a percentage of kills in entire the game.
 B = Kills by you in this place as a percentage of kills by you in the entire game.
 C = Kills by friends in this place as a percentage of kills by friends in the entire game.
 D = Other kills in this place as a percentage of other kills in the entire game.
 E = Experience gained in this place as a percentage of experience gained in the entire game.
 F = Experience gained in this place divided by the number of levels of this place that you have seen.
                   A       B       C       D       E      F
               +-------+-------+-------+-------+-------+----------------------
         Total | 100.0 | 100.0 |   N/A |   N/A | 100.0 |  62.0
       Dungeon | 100.0 | 100.0 |   N/A |   N/A | 100.0 |  62.0
               +-------+-------+-------+-------+-------+----------------------
